 Dungeon Crawl Stone Soup version 0.27-a0-1200-g94dc6ad4cf (webtiles) character file.

Game seed: 17821165897125669548

256 Delamore the Cudgeller (level 6, -5/40 HPs)
             Began as a Gargoyle Fighter on May 30, 2021.
             Splashed by a jelly's acid (7 damage)
             ... on level 5 of the Dungeon.
             The game lasted 00:04:49 (3218 turns).

Delamore the Cudgeller (Gargoyle Fighter)           Turns: 3218, Time: 00:04:50

Health: -5/40      AC:  0    Str: 22    XL:     6   Next: 15%
Magic:  6/6        EV:  7    Int:  8    God:
Gold:   26         SH: 10    Dex:  9    Spells: 5/5 levels left

rFire    . . .     SeeInvis .   a - +0 flail
rCold    + . .     Faith    .   c - +1 kite shield
rNeg     + . .     Spirit   .   b - +0 scale mail
rPois    ∞         Reflect  .   (no helmet)
rElec    +         Harm     .   (no cloak)
rCorr    .         Rampage  .   (no gloves)
Will     .....                  (no boots)
Stlth    ..........             (no amulet)
HPRegen  0.13/turn              l - ring of protection from cold
MPRegen  0.10/turn              (no ring)

@: corroded
A: sickness immunity, AC +4, negative energy resistance 1, electricity
resistance, torment resistance 1, petrification resistance
a: no special abilities


You were on level 5 of the Dungeon.
You visited 1 branch of the dungeon, and saw 4 of its levels.

You collected 76 gold pieces.
You spent 50 gold pieces at shops.

Inventory:

Hand Weapons
 a - a +0 flail (weapon)
 h - a +0 dagger of freezing
Missiles
 f - 23 poisoned darts (quivered)
 k - 2 atropa-tipped darts
Armour
 b - a +0 scale mail (worn)
 c - a +1 kite shield (worn)
Jewellery
 j - a +6 ring of intelligence
 l - a ring of protection from cold (left hand)
Wands
 q - a wand of acid (3)
Scrolls
 i - a scroll of teleportation
 o - a scroll of blinking
 p - a scroll of identify
Potions
 d - a potion of might
 e - 2 potions of heal wounds
 g - a potion of haste {unknown}
 m - a potion of magic
 n - a potion of cancellation {unknown}


   Skills:
 - Level 5.0 Fighting
 * Level 5.2 Maces & Flails
 - Level 3.2 Armour
 - Level 3.2 Shields


You had 5 spell levels left.
You didn't know any spells.
Your spell library was empty.

Dungeon Overview and Level Annotations

Branches:
Dungeon (3/15)

Altars:

Shops:
D:2 *


Innate Abilities, Weirdness & Mutations

You are immune to sickness and miasma.
Your stone body is resilient. (AC +4)
You are immune to poison.
You resist negative energy. (rN+)
You are resistant to electric shocks. (rElec)
You are resistant to unholy torment.
You are immune to petrification.


Message History

There are no items here.
A jelly comes into view.
Found a yellow potion.
You hit the jelly but do no damage. The acid corrodes you!
Your hands burn!
You block the jelly's attack.
You hit the jelly. You freeze the jelly.
Your hands burn!
The jelly is lightly wounded.
The jelly hits you but does no damage.
You hit the jelly but do no damage.
Your hands burn!
The jelly is lightly wounded.
The jelly hits you but does no damage.
You hit the jelly but do no damage. The acid corrodes you!
Your hands burn!
The jelly is lightly wounded.
The jelly hits you but does no damage.
You hit the jelly but do no damage.
Your hands burn!
The jelly is lightly wounded.
You block the jelly's attack. The jelly hits you but does no damage.
You hit the jelly but do no damage.
Your hands burn!
The jelly is lightly wounded.
The jelly barely misses you.
You hit the jelly but do no damage. The acid corrodes you!
Your hands burn!
The jelly is lightly wounded.
The jelly hits you.
You are splashed with acid!
Your +0 dagger of freezing stops glowing.
a - a +0 flail (weapon)
You block the jelly's attack.
You sock the jelly!
Your hands burn!
The jelly is heavily wounded.
You hear the slow hiss of a very distant avalanche of sand.
You block the jelly's attack.
You hit the jelly.
Your hands burn!
The jelly is almost dead.
The jelly hits you.
* * * LOW HITPOINT WARNING * * *
You are splashed with acid!
* * * LOW HITPOINT WARNING * * *
The jelly hits you.
* * * LOW HITPOINT WARNING * * *
The acid corrodes you!
You are splashed with acid!
You die...

#.............## .
#..............## .#
##..............##
##.#
#...............##...#
#....................
##................#
#...............##
##.............##
#.....@......##
##...J.....###
#........##
#........##
..!......## .##..#..##
##.#### #.


You could see a jelly.

Vanquished Creatures
  A necrophage (D:3)
  A jelly (D:3)
  6 adders (D:2)
  An ufetubus (D:5)
  A worm (D:2)
  A dart slug (D:2)
  6 orcs (D:3)
  5 bats
  8 endoplasms
  4 giant cockroaches
  3 goblins
  7 hobgoblins
  A quokka (D:3)
  5 ball pythons
  7 frilled lizards
  8 kobolds
  3 rats
68 creatures vanquished.

Notes
Turn   | Place    | Note
-------+----------+-------------------------------------------
     0 | D:1      | Delamore the Gargoyle Fighter began the quest for the Orb.
     0 | D:1      | Reached XP level 1. HP: 14/14 MP: 1/1
   476 | D:1      | Reached XP level 2. HP: 16/19 MP: 2/2
   880 | D:1      | Found a faded altar of an unknown god.
   997 | D:2      | Reached XP level 3. HP: 15/24 MP: 3/3
  1356 | D:2      | Reached XP level 4. HP: 29/29 MP: 4/4
  1780 | D:2      | Found Xatyheni's General Store.
  1788 | D:2      | Bought a potion of heal wounds for 50 gold pieces
  2075 | D:3      | Reached XP level 5. HP: 14/34 MP: 5/5
  2993 | D:3      | Noticed a necrophage
  3014 | D:3      | Killed a necrophage
  3015 | D:3      | Reached skill level 5 in Maces & Flails
  3015 | D:3      | Reached XP level 6. HP: 40/40 MP: 6/6
  3120 | D:3      | You fall into a shaft and drop 2 floors!
  3120 | D:5      | Entered Level 5 of the Dungeon
  3190 | D:5      | Reached skill level 5 in Fighting
  3218 | D:5      | HP: 2/40 [jelly (3)]
  3218 | D:5      | Splashed by a jelly's acid

Illustrated notes

Levels and vault maps discovered:
D:1:      saegor_arrival_simple_d, layout_basic,
          shapermc_ecumenical_altar_flowoftime
D:2:      minmay_inner_zag, layout_basic, serial_shops, shop
D:3:      layout_basic, minmay_cut_off
D:5:      layout_cave_pods, enter_ossuary_2, corexii_item_surrounded_by_moat,
          minmay_hollow_rounded_squares, uniq_grinder

Skill      XL: |  1  2  3  4  5  6 |
---------------+-------------------+-----
Maces & Flails | 3 4 5 |  5.2
Fighting       | 4 5 |  5.0
Armour         | |  3.2
Shields        | |  3.2

Action                   |  1- 3 |  4- 6 || total
-------------------------+-------+-------++-------
Melee: Flail             |    13 |     2 ||    15
       Dagger            |    95 |   226 ||   321
  Use: Scroll            |       |     5 ||     5
Armor: Scale mail        |    38 |   104 ||   142
Dodge: Dodged            |    20 |    67 ||    87
Block: Kite shield       |    73 |   122 ||   195

Table legend: (Time is in decaauts)
 A = Elapsed time spent in this place.
 B = Non-inter-level travel time spent in this place.
 C = Inter-level travel time spent in this place.
 D = Time resting spent in this place.
 E = Time spent auto-exploring this place.
 F = Levels seen in this place.
 G = Mean time per level.
                   A        B        C        D        E       F      G
               +--------+--------+--------+--------+--------+-----+--------+
         Total |   3300 |   3188 |    112 |    291 |   2220 |   4 |  825.0 |
       Dungeon |   3300 |   3188 |    112 |    291 |   2220 |   4 |  825.0 |
               +--------+--------+--------+--------+--------+-----+--------+

Top non-repeatable levels by time:
     D:3: 1210 daAuts
     D:2: 1009 daAuts
     D:1: 979 daAuts
     D:5: 101 daAuts
